 Dungeon Crawl Stone Soup version 0.30-a0-1103-g25895a7845 (webtiles) character file.

Game seed: 13198359020180043089

23183 jasper the Marksspriggan (level 12, -25/63 HPs)
             Began as a Spriggan Hunter on Apr 18, 2023.
             Was the Champion of Okawaru.
             Annihilated by a skyshark (28 damage)
             ... on level 3 of the Lair of Beasts.
             The game lasted 00:26:19 (13089 turns).

jasper the Marksspriggan (Spriggan Hunter)         Turns: 13089, Time: 00:26:20

Health: -25/63     AC:  5    Str: 11    XL:     12   Next: 69%
Magic:  17/17      EV: 23    Int: 17    God:    Okawaru [******]
Gold:   492        SH:  0    Dex: 19    Spells: 11/11 levels left

rFire   + . .      SeeInvis +    J - +1 arbalest (heavy)
rCold   + . .      Faith    +    (shield currently unavailable)
rNeg    + + .      Spirit   .    D - +0 steam dragon scales
rPois   +          Reflect  .    h - -2 hat of the Alchemist {rElec rPois rF+ rC+ rN+ Will+ rMut rCorr}
rElec   +          Rampage  .    s - +0 cloak
rCorr   +                        (gloves unavailable)
rMut    +                        (boots unavailable)
Will    +++..                    O - amulet "Anitej" {Faith rN+ Regen+ Stlth+}
Stlth   +++                      A - +6 ring of intelligence
HPRegen 1.10/turn                (no ring)
MPRegen 0.15/turn

@: very quick
A: very small, no large weapons, unfitting armour, see invisible, speed 3
a: Renounce Religion, Heroism, Finesse, Duel


You were on level 3 of the Lair of Beasts.
You worshipped Okawaru.
Okawaru was exalted by your worship.
You visited 3 branches of the dungeon, and saw 15 of its levels.

You collected 1087 gold pieces.
You spent 595 gold pieces at shops.

Inventory:

Hand Weapons
 a - a +0 shortbow
 i - a +2 dagger of electrocution
 I - a +1 shortbow of flaming
 J - a +1 heavy arbalest (weapon)
Missiles
 k - 43 poisoned darts
 w - 8 curare-tipped darts
 z - a datura-tipped dart
 H - 2 throwing nets
Armour
 c - a +1 robe
 h - the -2 hat of the Alchemist (worn) {rElec rPois rF+ rC+ rN+ Will+ rMut rCorr}
   (You acquired it on level 5 of the Dungeon)

   rF:        It protects you from fire.
   rC:        It protects you from cold.
   rElec:     It insulates you from electricity.
   rPois:     It protects you from poison.
   rN:        It protects you from negative energy.
   rCorr:     It protects you from acid and corrosion.
   rMut:      It protects you from mutation.
   Will:      It increases your willpower.
 s - a +0 cloak (worn)
 u - a scarf of harm
 D - +0 steam dragon scales (worn)
 P - a +0 troll leather armour
Jewellery
 t - a ring of resist corrosion
 y - an amulet of regeneration
 A - a +6 ring of intelligence (left hand)
 O - the amulet "Anitej" (around neck) {Faith rN+ Regen+ Stlth+}
   (You acquired it on level 11 of the Dungeon)

   [amulet of faith]

   It allows you to gain divine favour quickly.
   rN:        It protects you from negative energy.
   Regen:     It increases your rate of health regeneration.
   Stlth:     It makes you more stealthy.
 R - an amulet of guardian spirit
Wands
 B - a wand of acid (9)
 E - a wand of digging (5)
Scrolls
 b - 5 scrolls of immolation
 f - 8 scrolls of enchant armour
 l - 2 scrolls of amnesia
 p - a scroll of summoning
 q - 2 scrolls of blinking
 x - 2 scrolls of vulnerability
 C - 2 scrolls of fear
 F - 2 scrolls of teleportation
 K - 3 scrolls of silence
 L - a scroll of fog
 N - a scroll of enchant weapon
Potions
 d - 4 potions of haste
 e - 6 potions of attraction
 g - 8 potions of heal wounds
 j - 12 potions of curing
 m - 4 potions of brilliance
 n - a potion of mutation
 o - a potion of lignification
 r - 4 potions of flight
 v - 3 potions of invisibility
 G - a potion of cancellation
 M - a potion of berserk rage
 Q - a potion of might {unknown}


   Skills:
 * Level 7.4 Fighting
 + Level 16.3 Ranged Weapons
 + Level 4.4 Armour
 + Level 8.2 Dodging
 - Level 1.5 Stealth
 + Level 6.3 Invocations
 - Level 6.0 Evocations


You had 11 spell levels left.
You didn't know any spells.
Your spell library contained the following spells:

 Spells                   Type           Power      Damage    Failure   Level
 Inner Flame              Hex/Fire       0%         N/A       56%         3
 Blade Hands              Tmut           0%         N/A       100%        5
 Yara's Violent Unravell  Hex/Tmut       0%         3d3       100%        5
 Iron Shot                Conj/Erth      0%         9d1       100%        6
 Enfeeble                 Hex            0%         N/A       100%        7
 Storm Form               Tmut/Air       0%         N/A       100%        7
 Maxwell's Capacitive Co  Air            0%         ∞         100%        8
 Animate Armour           Summ/Erth      Unusable   N/A       N/A         4
 Summon Lightning Spire   Summ/Air       Unusable   N/A       N/A         4

Dungeon Overview and Level Annotations

Branches:
Dungeon (11/15)            Temple (1/1) D:5            Lair (3/5) D:10
  Swamp (0/4) Lair:2       Spider (0/4) Lair:2          Orc (0/2) D:11

Altars:
Ashenzari
Cheibriados
Dithmenos
Elyvilon
Fedhas
Gozag
Hepliaklqana
Kikubaaqudgha
Makhleb
Nemelex Xobeh
Okawaru
Qazlal
Ru
Sif Muna
Trog
Uskayaw
Vehumet
Wu Jian
Xom
Yredelemnul
Zin
The Shining One

Shops:
D:9 !   D:10 =

Annotations:
D:6 1 runed translucent door, mandoloar's ghost, novice OpCj
D:9 4 runed translucent doors, lotum's ghost, novice DjEE


Innate Abilities, Weirdness & Mutations

You are very small and have problems with some larger weapons.
You are too small for most types of armour.
You have supernaturally acute eyesight. (SInv)
You cover ground extremely quickly. (Speed+++)


Message History

The bolt hits the skyshark but does no damage.
Fire: J) +1 arbalest (heavy)
Press: ? - help, Q - select action, (/) - cycle Shift-Dir - straight line, f/p - skyshark
Aim: a skyshark (75% to hit)
You shoot a bolt. The bolt closely misses the skyshark.
Fire: J) +1 arbalest (heavy)
Press: ? - help, Q - select action, (/) - cycle Shift-Dir - straight line, f/p - skyshark
Aim: a skyshark (75% to hit)
You shoot a bolt. The bolt hits the skyshark!!
The skyshark is moderately wounded.
The skyshark bites you!
The skyshark tastes blood and grows stronger!
The skyshark tail-slaps you. The skyshark misses you.
You take 14 damage, and have 49/63 hp.
MASSIVE DAMAGE!!
Fire: J) +1 arbalest (heavy)
Press: ? - help, Q - select action, (/) - cycle Shift-Dir - straight line, f/p - skyshark
Aim: a skyshark (moderately wounded, strong, 75% to hit)
You shoot a bolt. The bolt barely misses the skyshark.
The skyshark closely misses you. The skyshark completely misses you.
The skyshark tail-slaps you. The skyshark misses you.
The skyshark barely misses you. The skyshark completely misses you.
Fire: J) +1 arbalest (heavy)
Press: ? - help, Q - select action, (/) - cycle Shift-Dir - straight line, f/p - skyshark
Aim: a skyshark (moderately wounded, strong, 75% to hit)
You shoot a bolt. The bolt barely misses the skyshark.
The skyshark bites you!!
The skyshark enters a blood-rage!
The skyshark tail-slaps you!
* * * LOW HITPOINT WARNING * * *
The skyshark misses you.
You take 35 damage, and have 14/63 hp.
MASSIVE DAMAGE!!
Fire: J) +1 arbalest (heavy)
Press: ? - help, Q - select action, (/) - cycle Shift-Dir - straight line, f/p - skyshark
Aim: a skyshark (moderately wounded, berserk, 75% to hit)
You shoot a bolt. The bolt hits the skyshark!!
The skyshark is heavily wounded.
The skyshark bites you but does no damage.
The skyshark misses you. The skyshark tail-slaps you!
* * * LOW HITPOINT WARNING * * *
The skyshark bites you!!
You die...

........## .........###
...#......P#####
...#.......P##.#
...>...........##
................#####
....................#
....................##
..<.............@....#
...<.............l...>..
..................$....#
......###.........$....#
.......###.#...........#
.......# ####...........
......#. #...........
)>.....## ###.........
......


You could see a skyshark (berserk).

Vanquished Creatures
  Erolcha (D:9)
  3 boulder beetles
  2 two-headed ogres
  Sonja (D:11)
  2 skysharks
  2 bog bodies (Lair:2)
  A manticore (D:11)
  3 elephants (Lair:2)
  3 cane toads
  An unseen horror (D:11)
  2 rime drakes
  6 komodo dragons
  A troll (D:11)
  A hornet (D:7)
  A polar bear (Lair:2)
  10 blink frogs
  13 yaks
  2 wyverns
  2 basilisks (Lair:1)
  2 redbacks (Lair:2)
  A steam dragon (D:8)
  A warg (D:11)
  A swamp worm (Lair:2)
  An acid dragon (D:8)
  8 water moccasins
  Duvessa (D:7)
  2 black bears
  4 sky beasts
  3 ice beasts
  6 orc warriors
  2 ogres
  6 wolves
  A phantom (D:5)
  10 centaurs
  3 kobold brigands
  11 bullfrogs
  A gnoll sergeant (D:7)
  2 scorpions (D:5)
  3 wights (D:9)
  Dowan (D:7)
  6 killer bees (D:9)
  2 electric eels
  4 howler monkeys (D:10)
  4 jellies
  7 orc priests
  2 hounds
  A sleepcap (D:4)
  4 gnoll boudas
  10 iguanas
  8 orc wizards
  21 gnolls
  2 river rats (Lair:1)
  5 adders
  4 white imps
  4 worms
  5 dart slugs
  44 orcs
  6 endoplasms
  11 giant cockroaches
  9 goblins
  7 hobgoblins
  4 jackals
  A quokka (D:3)
  7 ball pythons
  6 bats
  2 frilled lizards
  18 kobolds
  7 rats
  A butterfly (D:5)
339 creatures vanquished.

Vanquished Creatures (others)
  9 fungi
  60 plants
69 creatures vanquished.

Grand Total: 408 creatures vanquished

Notes
Turn   | Place    | Note
-------+----------+-------------------------------------------
     0 | D:1      | jasper the Spriggan Hunter began the quest for the Orb.
     0 | D:1      | Reached XP level 1. HP: 10/10 MP: 2/2
   161 | D:1      | Reached XP level 2. HP: 14/14 MP: 3/3
   866 | D:2      | Reached skill level 5 in Ranged Weapons
   866 | D:2      | Reached XP level 3. HP: 15/18 MP: 4/4
  1576 | D:3      | Reached XP level 4. HP: 22/22 MP: 5/5
  2047 | D:4      | Reached skill level 6 in Ranged Weapons
  2172 | D:4      | Reached XP level 5. HP: 14/25 MP: 6/6
  2496 | D:4      | Reached skill level 7 in Ranged Weapons
  2665 | D:4      | Reached XP level 6. HP: 30/30 MP: 7/7
  3280 | D:5      | Entered Level 5 of the Dungeon
  3373 | D:5      | Reached skill level 8 in Ranged Weapons
  3420 | D:5      | Found a staircase to the Ecumenical Temple.
  3430 | Temple   | Entered the Ecumenical Temple
  3488 | Temple   | Became a worshipper of Warmaster Okawaru
  3511 | D:5      | Reached XP level 7. HP: 33/33 MP: 8/8
  3708 | D:5      | Reached skill level 9 in Ranged Weapons
  3824 | D:5      | Found a white marble altar of Elyvilon.
  3977 | D:5      | Reached * piety under Okawaru
  4159 | D:5      | Reached skill level 10 in Ranged Weapons
  4174 | D:5      | Identified a scroll of acquirement
  4174 | D:5      | Acquired the -2 hat of the Alchemist {rElec rPois rF+ rC+
                  | rN+ Will+ rMut rCorr}
  4174 | D:5      | Found the -2 hat of the Alchemist {rElec rPois rF+ rC+ rN+
                  | Will+ rMut rCorr}
  4658 | D:3      | Reached XP level 8. HP: 37/37 MP: 9/9
  4670 | D:3      | Found a blossoming altar of Fedhas.
  5377 | D:5      | Reached skill level 11 in Ranged Weapons
  5466 | D:6      | Reached ** piety under Okawaru
  5637 | D:6      | You fall into a shaft and drop 3 floors!
  5740 | D:8      | Reached skill level 1 in Invocations
  5925 | D:7      | Noticed a two-headed ogre
  5953 | D:7      | Reached skill level 12 in Ranged Weapons
  5961 | D:7      | Killed a two-headed ogre
  5961 | D:7      | Reached *** piety under Okawaru
  5961 | D:7      | Received a gift from Okawaru
  5962 | D:7      | Reached XP level 9. HP: 19/41 MP: 11/11
  6061 | D:7      | Reached skill level 13 in Ranged Weapons
  6513 | D:6      | Found a runed translucent door.
  6552 | D:6      | Reached skill level 14 in Ranged Weapons
  6588 | D:6      | Noticed mandoloar's ghost (novice OpCj)
  6701 | D:6      | Reached **** piety under Okawaru
  6761 | D:6      | Reached XP level 10. HP: 41/46 MP: 12/12
  7150 | D:7      | Noticed Duvessa
  7150 | D:7      | Noticed Dowan
  7171 | D:7      | Killed Duvessa
  7174 | D:7      | Killed Dowan
  7500 | D:7      | Reached skill level 15 in Ranged Weapons
  7945 | D:8      | Found an ancient bone altar of Kikubaaqudgha.
  7961 | D:8      | Found an ornate altar of the Wu Jian Council.
  8492 | D:9      | Found Foinkas's Distillery.
  8500 | D:9      | Bought a potion of heal wounds for 85 gold pieces
  8500 | D:9      | Bought a potion of curing for 51 gold pieces
  8500 | D:9      | Bought a potion of heal wounds for 85 gold pieces
  8500 | D:9      | Bought 2 potions of curing for 102 gold pieces
  8500 | D:9      | Bought a potion of invisibility for 136 gold pieces
  8500 | D:9      | Bought a potion of cancellation for 136 gold pieces
  8537 | D:9      | Noticed a boulder beetle
  8625 | D:9      | Killed a boulder beetle
  8632 | D:9      | Noticed Erolcha
  8668 | D:9      | Killed Erolcha
  8669 | D:9      | Reached skill level 16 in Ranged Weapons
  8669 | D:9      | Reached skill level 1 in Evocations
  8703 | D:9      | Found an opulent altar of Gozag.
  8755 | D:9      | Found a runed translucent door.
  8759 | D:9      | Noticed a manticore
  8764 | D:9      | Found a shimmering altar of Xom.
  8894 | D:9      | Found a shimmering altar of Xom.
  9027 | D:9      | Found a runed translucent gate.
  9027 | D:9      | Found a runed translucent gate.
  9027 | D:9      | Found a runed translucent gate.
  9031 | D:9      | Noticed lotum's ghost (novice DjEE)
  9060 | D:9      | Reached skill level 1 in Armour
  9358 | D:10     | Entered Level 10 of the Dungeon
  9387 | D:10     | Reached ***** piety under Okawaru
  9467 | D:10     | Noticed a two-headed ogre
  9497 | D:10     | Killed a two-headed ogre
  9498 | D:10     | Reached XP level 11. HP: 52/52 MP: 14/14
  9664 | D:10     | Found a staircase to the Lair.
  9678 | D:10     | Received a gift from Okawaru
  9735 | D:10     | Found Ygaybefuett's Jewellery Emporium.
 10245 | D:11     | Noticed Sonja
 10256 | D:11     | Killed Sonja
 10257 | D:11     | Reached skill level 5 in Dodging
 10298 | D:11     | Acquired the amulet "Anitej" {Faith rN+ Regen+ Stlth+}
 10333 | D:11     | Noticed a boulder beetle
 10352 | D:11     | Killed a boulder beetle
 10615 | D:11     | Noticed a boulder beetle
 10630 | D:11     | Killed a boulder beetle
 10631 | D:11     | Reached skill level 5 in Fighting
 10705 | D:11     | Found a staircase to the Orcish Mines.
 10708 | D:11     | Reached skill level 5 in Evocations
 10715 | D:11     | Identified the +0 robe of Evolution {Will+ SInv} (Okawaru
                  | gifted it to you on level 11 of the Dungeon)
 10715 | D:11     | Received a gift from Okawaru
 10958 | Lair:1   | Entered Level 1 of the Lair of Beasts
 11157 | Lair:1   | Reached skill level 5 in Invocations
 11264 | Lair:1   | Reached XP level 12. HP: 56/60 MP: 16/16
 11838 | Lair:2   | Identified the +5 war axe of Jalosoun {flame, rElec Dex+3
                  | Stlth-}
 11867 | Lair:2   | Found a hole to the Spider Nest.
 11911 | Lair:2   | Reached ****** piety under Okawaru
 12796 | Lair:2   | Found a staircase to the Swamp.
 12903 | Lair:2   | Received a gift from Okawaru
 13089 | Lair:3   | HP: 3/63 [skyshark (13)]
 13089 | Lair:3   | Annihilated by a skyshark

Illustrated notes

Levels and vault maps discovered:
D:1:      kennysheep_arrival_forest, layout_loops_ring, minmay_bisected
D:2:      layout_rooms, minmay_joined_circles
D:3:      wad_woods_pond, layout_basic, mainiacjoe_overflow_cross_hatched,
          roderic_lattice_a
D:4:      layout_layer_cave
D:5:      layout_loops_ring, lemuel_crystal_altar,
          minmay_temple_entry_butterflies
D:6:      layout_basic, ebering_ghost_sewer_d
D:7:      hangedman_cross_stitches, layout_loops_cross, uniq_duvessa
D:8:      layout_cave_pools, mainiacjoe_overflow_swirl, lightli_minifort
D:9:      layout_basic, xom_redecorated,
          nicolae_gozag_cash_rules_everything_around_me,
          gammafunk_ghost_nasty_kobolds, serial_shops, shop, minmay_st_funbox,
          serial_bayou_lagoon_a, uniq_erolcha
D:10:     layout_basic, hellmonk_lair_entry_icy, serial_shops,
          nicolae_square_shop
D:11:     layout_big_octagon, erik_orc_3, feat_on_display, uniq_sonja
Temple:   nicolae_temple_x_marks_the_god
Lair:1:   layout_loops_ring, chequers_serial_rivers_micro_d, pond,
          grunt_megastairs_5
Lair:2:   layout_regular_city, nicolae_swamp_entry_splash_gauntlet,
          spider_nest_entry_webs
Lair:3:   layout_hall_layers

Skill      XL: |  1  2  3  4  5  6  7  8  9 10 11 12 |
---------------+-------------------------------------+-----
Ranged Weapons | 5 6 7 8 10 12 14 16 | 16.3
Invocations    | 2 3 5 6 |  6.3
Fighting       | 3 5 7 |  7.4
Dodging        | 4 6 8 |  8.2
Evocations     | 3 6 |  6.0
Armour         | 1 3 4 |  4.4
Stealth        | |  1.5

Action                     |  1- 3 |  4- 6 |  7- 9 | 10-12 || total
---------------------------+-------+-------+-------+-------++-------
   Fire: Shortbow          |   112 |   202 |   430 |   364 ||  1108
         Arbalest          |       |       |       |   254 ||   254
  Throw: Dart              |       |       |     2 |    10 ||    12
 Invoke: Heroism           |       |       |     2 |     9 ||    11
  Evoke: Wand              |       |       |       |     5 ||     5
    Use: Scroll            |     9 |     1 |     8 |     8 ||    26
 Armour: Robe              |     4 |     5 |     3 |       ||    12
         Steam dragon scal |       |       |       |    28 ||    28
  Dodge: Dodged            |    20 |    51 |    59 |   239 ||   369

Table legend: (Time is in decaauts)
 A = Elapsed time spent in this place.
 B = Non-inter-level travel time spent in this place.
 C = Inter-level travel time spent in this place.
 D = Time resting spent in this place.
 E = Time spent auto-exploring this place.
 F = Levels seen in this place.
 G = Mean time per level.
                   A        B        C        D        E       F      G
               +--------+--------+--------+--------+--------+-----+--------+
         Total |   9572 |   9166 |    406 |   1806 |   4801 |  15 |  638.1 |
       Dungeon |   7948 |   7581 |    367 |   1601 |   3831 |  11 |  722.5 |
        Temple |     41 |     40 |      1 |      0 |     26 |   1 |   41.0 |
          Lair |   1581 |   1544 |     37 |    205 |    942 |   3 |  527.0 |
               +--------+--------+--------+--------+--------+-----+--------+

Top non-repeatable levels by time:
     D:5: 1088 daAuts
     D:4: 1064 daAuts
  Lair:2: 854 daAuts
     D:3: 838 daAuts
     D:9: 737 daAuts
     D:8: 725 daAuts
     D:7: 710 daAuts
     D:6: 682 daAuts
    D:11: 622 daAuts
  Lair:1: 597 daAuts
     D:1: 575 daAuts
    D:10: 524 daAuts
     D:2: 380 daAuts
  Lair:3: 130 daAuts
  Temple: 41 daAuts
